 Dungeon Crawl Stone Soup version 0.30-b1-5-g8e6c1be481 (webtiles) character file.

Game seed: 14075520073482356131

2851 Cheops the Grappler (level 9, 0/70 HPs)
             Began as a Ghoul Monk on May 4, 2023.
             Was a Priest of Wu Jian.
             Slain by a death yak (3 damage)
             ... on level 7 of the Dungeon.
             The game lasted 00:14:22 (5829 turns).

Cheops the Grappler (Ghoul Monk)                    Turns: 5829, Time: 00:14:22

Health: 0/70       AC:  5    Str: 25    XL:     9   Next: 74%
Magic:  8/8        EV: 12    Int:  5    God:    Wu Jian [***...]
Gold:   432        SH:  0    Dex: 11    Spells: 8/8 levels left

rFire   . .          .
                       - Unarmed
rCold   + . .        c - orb {light}
rNeg    + + +        h - +0 ring mail
rPois   ∞            (no helmet)
rElec   .            (no cloak)
rCorr   .            (no gloves)
SInv    .            (no boots)
Will    .....        (no amulet) Stlth
                     t - +6 ring of strength
HPRegen 0.00/turn    (no ring)
MPRegen 0.11/turn

%: no passive effects
@: inhibited regen, glowing, serpent's lash
A: claws 1, cold resistance 1, negative energy resistance 3, inhibited
regeneration, torment resistance 2, devour on kill
a: Renounce Religion, Wall Jump, Serpent's Lash


You were on level 7 of the Dungeon.
You worshipped Wu Jian.
Wu Jian was most pleased with you.
You visited 1 branch of the dungeon, and saw 8 of its levels.

You collected 432 gold pieces.

Inventory:

Armour
 c - an orb of light (worn)
 h - a +0 ring mail (worn)
Jewellery
 a - a ring of ice
 l - a ring of magical power
 q - a ring of ice
 s - a ring of magical power
 t - a +6 ring of strength (left claw)
Wands
 i - a wand of flame (6)
 x - a wand of charming (9)
Scrolls
 d - 2 scrolls of torment {unknown}
 e - a scroll of teleportation {unknown}
 j - a scroll of enchant armour
 k - a scroll of fear
 n - 2 scrolls of poison
Potions
 b - 2 potions of ambrosia
 f - 2 potions of berserk rage {unknown}
 g - 4 potions of curing
 m - 2 potions of lignification {unknown}
 o - a potion of invisibility {unknown}
 p - 2 potions of attraction {unknown}
 r - 2 potions of flight {unknown}
 u - a potion of degeneration {unknown}
 w - a potion of might
 z - a potion of brilliance {unknown}
 B - a potion of heal wounds {unknown}
 C - a potion of haste {unknown}


   Skills:
 - Level 3.2 Fighting
 + Level 3.3 Armour
 - Level 5.0 Dodging
 * Level 13.0 Unarmed Combat


You had 8 spell levels left.
You didn't know any spells.
Your spell library contained the following spells:

 Spells                   Type           Power      Damage    Failure   Level
 Apportation              Tloc           0%         N/A       63%         1
 Necrotise                Necr           0%         1d4       63%         1
 Sandblast                Erth           0%         2d4       63%         1
 Summon Small Mammal      Summ           0%         N/A       63%         1
 Scorch                   Fire           0%         2d5       77%         2
 Call Canine Familiar     Summ           0%         N/A       94%         3
 Inner Flame              Hex/Fire       0%         N/A       94%         3
 Animate Armour           Summ/Erth      0%         N/A       100%        4
 Lee's Rapid Deconstruct  Erth           0%         3d4*      100%        5
 Summon Hydra             Summ           0%         N/A       100%        7
 Ignition                 Fire           0%         3d3       100%        8


Dungeon Overview and Level Annotations

Branches:
Dungeon (8/15)             Temple (0/1) D:7            Lair (0/5) D:8

Altars:
Ashenzari
Cheibriados
Fedhas
Makhleb
Qazlal
Uskayaw
Vehumet
Wu Jian
Xom
Yredelemnul

Shops:
D:2 *


Innate Abilities, Weirdness & Mutations

You are immune to poison.
You have sharp fingernails.
Your flesh is cold resistant. (rC+)
You are immune to negative energy. (rN+++)
You do not regenerate when monsters are visible.
You are immune to unholy pain and torment.
You thrive by killing the living.


Message History

You claw the death yak!
The death yak is moderately wounded.
You claw the death yak!
The death yak is moderately wounded.
The death yak misses you. The death yak gores you!
The death yak attacks as you move away! The death yak gores you!
You completely miss the death yak.
The death yak is moderately wounded.
You scratch the death yak but do no damage.
The death yak is moderately wounded.
The death yak gores you!
You claw the death yak!
The death yak is heavily wounded.
The death yak gores you.
You scratch the death yak but do no damage.
The death yak is heavily wounded.
The death yak misses you.
You scratch the death yak.
The death yak is heavily wounded.
You claw the death yak!
The death yak is heavily wounded.
The death yak gores you!
* * * LOW HITPOINT WARNING * * *
Your muscles tense, ready for explosive movement...
You claw the death yak!
The death yak is severely wounded.
The death yak gores you!
* * * LOW HITPOINT WARNING * * *
You claw the death yak!
The death yak is almost dead.
The death yak completely misses you.
You scratch the death yak.
The death yak is almost dead.
You scratch the death yak.
The death yak is almost dead.
The death yak barely misses you.
You scratch the death yak but do no damage.
The death yak is almost dead.
The death yak gores you.
You die...

#.####.# #######...# #
#......# #.### # ############
#.# # ......# #.# #####.#
###############.# #.#
#...............##### #.#
#.###########.......##### ###
#.###.###########.#####......
..# #...........@Y...>#
####### #.#
#####.############# #.# #.#
#(#######.# #.).....(.#
###########


You could see a death yak.

Vanquished Creatures
  Grinder (D:5)
  Prince Ribbit (D:6)
  Sigmund (D:6)
  A shadow (D:6)
  A steam dragon (D:7)
  Edmund (D:6)
  An ice beast (D:5)
  2 black bears
  4 ogres
  2 centaurs
  A phantom (D:6)
  Blork the orc (D:5)
  4 scorpions
  4 howler monkeys (D:7)
  A hound (D:5)
  An orc priest (D:6)
  2 jellies (D:5)
  2 gnoll boudas (D:7)
  An iguana (D:5)
  2 orc wizards
  4 sleepcaps
  A mummy (D:6)
  6 adders
  10 gnolls
  An ufetubus (D:4)
  3 worms
  A dart slug (D:1)
  19 orcs
  5 endoplasms
  3 giant cockroaches
  10 goblins
  5 hobgoblins
  2 jackals (D:2)
  A quokka (D:2)
  7 ball pythons
  5 bats
  3 frilled lizards (D:1)
  3 kobolds
  7 rats
130 creatures vanquished.

Vanquished Creatures (others)
  16 plants (D:4)
16 creatures vanquished.

Grand Total: 146 creatures vanquished

Notes
Turn   | Place    | Note
-------+----------+-------------------------------------------
     0 | D:1      | Cheops the Ghoul Monk began the quest for the Orb.
     0 | D:1      | Reached XP level 1. HP: 19/19 MP: 0/0
   181 | D:1      | Reached XP level 2. HP: 26/26 MP: 1/1
   189 | D:1      | Reached skill level 4 in Unarmed Combat
   586 | D:2      | Got the Octavo of the Congregation and the Mantle
   620 | D:2      | Reached XP level 3. HP: 31/31 MP: 2/2
   860 | D:2      | Found Jonanex's Assorted Antiques.
  1177 | D:2      | Reached skill level 5 in Unarmed Combat
  1365 | D:3      | Reached XP level 4. HP: 30/38 MP: 3/3
  1541 | D:3      | Found a burning altar of Makhleb.
  1598 | D:3      | Found a faded altar of an unknown god.
  2018 | D:3      | Got the Treatise on the Dragon
  2136 | D:4      | Reached skill level 6 in Unarmed Combat
  2139 | D:4      | Reached XP level 5. HP: 38/45 MP: 4/4
  2205 | D:4      | Found a basalt altar of Yredelemnul.
  2209 | D:4      | You fall into a shaft and drop 2 floors!
  2228 | D:5      | Entered Level 5 of the Dungeon
  2228 | D:5      | Noticed Blork the orc
  2443 | D:4      | Found an ornate altar of the Wu Jian Council.
  2517 | D:5      | Found a shimmering altar of Xom.
  2633 | D:5      | Killed Blork the orc
  2664 | D:4      | Reached XP level 6. HP: 28/51 MP: 5/5
  2745 | D:4      | Became a worshipper of the Wu Jian Council
  2745 | D:4      | Reached * piety under Wu Jian
  2745 | D:4      | Reached ** piety under Wu Jian
  3130 | D:4      | Found a stormy altar of Qazlal.
  3242 | D:5      | Reached skill level 7 in Unarmed Combat
  3347 | D:5      | Found a hide-covered altar of Uskayaw.
  3382 | D:5      | Noticed Grinder
  3390 | D:5      | Killed Grinder
  3391 | D:5      | Reached skill level 8 in Unarmed Combat
  3391 | D:5      | Reached XP level 7. HP: 28/57 MP: 6/6
  3772 | D:5      | Reached skill level 9 in Unarmed Combat
  3772 | D:5      | Reached XP level 8. HP: 63/63 MP: 7/7
  3832 | D:5      | Reached skill level 5 in Dodging
  3977 | D:5      | Reached skill level 10 in Unarmed Combat
  4117 | D:6      | Found a radiant altar of Vehumet.
  4117 | D:6      | Noticed Prince Ribbit
  4140 | D:6      | Killed Prince Ribbit
  4141 | D:6      | Reached skill level 11 in Unarmed Combat
  4253 | D:6      | Reached XP level 9. HP: 60/70 MP: 8/8
  4304 | D:6      | Reached skill level 1 in Armour
  4336 | D:6      | Noticed Sigmund
  4362 | D:6      | Killed Sigmund
  4363 | D:6      | Reached skill level 12 in Unarmed Combat
  4527 | D:6      | Noticed Edmund
  4533 | D:6      | Killed Edmund
  5074 | D:7      | Found a blossoming altar of Fedhas.
  5105 | D:7      | Found a staircase to the Ecumenical Temple.
  5116 | D:7      | Found a snail-covered altar of Cheibriados.
  5121 | D:7      | Reached *** piety under Wu Jian
  5298 | D:7      | Found a broken altar of Ashenzari.
  5676 | D:7      | Reached skill level 13 in Unarmed Combat
  5789 | D:8      | Found a staircase to the Lair.
  5789 | D:8      | Noticed a death yak
  5789 | D:8      | Noticed an elephant
  5825 | D:7      | HP: 3/70 [death yak (13)]
  5829 | D:7      | Slain by a death yak

Illustrated notes

Levels and vault maps discovered:
D:1:      eino_arrival_cavern_d, layout_basic, minmay_tree_intersection
D:2:      layout_loops_ring, serial_shops, shop
D:3:      layout_loops_ring, nicolae_overflow_hidden_temple,
          hellmonk_ecumenical_altar_defaced_shrine
D:4:      layout_loops_corners, grunt_qazlal_sundering,
          mainiacjoe_overflow_cross_hatched, mainiacjoe_overflow_catwalk_spiral
D:5:      layout_loops_cross, mainiacjoe_overflow_tiny_flanked,
          amcnicky_altar_gilded, uniq_blork_the_orc, uniq_grinder
D:6:      layout_basic, vehumet_altar_wand_db, gup_ossuary_entry_pyramid,
          uniq_sigmund, uniq_edmund, uniq_prince_ribbit1
D:7:      layout_loops_ring, mainiacjoe_overflow_chevrons, fedhas_altar_2,
          nicolae_ashenzari_skybound, minmay_temple_entry_mist,
          kennysheep_generic_room_2
D:8:      layout_basic, mainiacjoe_overflow_24_doors, david_lair_generic,
          serial_glass, glass_columns_a, glass_columns_a, glass_columns_b,
          glass_columns_b, glass_columns_a, glass_columns_b,
          nicolae_shop_national_dungeon_mall, hellmonk_bongcloud_opening,
          chequers_serial_rivers_micro_d

Skill      XL: |  1  2  3  4  5  6  7  8  9 |
---------------+----------------------------+-----
Unarmed Combat | 4 5 6 8 9 11 13 | 13.0
Dodging        | 3 4 5 |  5.0
Armour         | 3 |  3.3
Fighting       | |  3.2

Action                     |  1- 3 |  4- 6 |  7- 9 || total
---------------------------+-------+-------+-------++-------
  Melee: Unarmed           |    95 |    90 |   153 ||   338
 Invoke: Serpent's Lash    |       |       |     1 ||     1
Ability: Lunge             |       |     3 |    18 ||    21
         Wall Jump         |       |       |     8 ||     8
    Use: Scroll            |       |       |     8 ||     8
         Potion            |       |       |     1 ||     1
 Armour: Robe              |    13 |       |       ||    13
         Ring mail         |     4 |    19 |    19 ||    42
  Dodge: Dodged            |    53 |    49 |    61 ||   163
